 Dungeon Crawl Stone Soup version 0.30.1-9-gdf580d7c3d (webtiles) character file.

Game seed: 12560522719882470230

66 pkoi the Insei (level 3, -3/31 HPs)
             Began as a Draconian Monk on Oct 24, 2023.
             Slain by a gnoll
             ... wielding a +0 flail
              (6 damage)
             ... on level 2 of the Dungeon.
             The game lasted 00:01:51 (1143 turns).

pkoi the Insei (Draconian Monk)                     Turns: 1143, Time: 00:01:52

Health: -3/31      AC:  5    Str: 13    XL:     3   Next: 96%
Magic:  3/3        EV: 12    Int: 12    God:
Gold:   139        SH:  0    Dex: 13    Spells: 2/2 levels left

rFire   . .          .
                       - Unarmed
rCold   . . .        b - orb {light}
rNeg    . . .        (body armour unavailable)
rPois   .            (helmet restricted)
rElec   .            (no cloak)
rCorr   .            (no gloves)
SInv    .            (no boots)
Will    .....        (no amulet)
Stlth   +            (no ring)
HPRegen 0.25/turn    (no ring)
MPRegen 0.08/turn

%: no passive effects
@: glowing
A: AC +5, unfitting armour, cold-blooded
a: no special abilities


You were on level 2 of the Dungeon.
You visited 1 branch of the dungeon, and saw 2 of its levels.

You collected 139 gold pieces.

Inventory:

Armour
 b - an orb of light (worn)
Scrolls
 c - a scroll of torment {unknown}
 d - a scroll of amnesia {unknown}
 i - 2 scrolls of summoning {unknown}
Potions
 a - a potion of ambrosia
 e - a potion of brilliance {unknown}
 f - a potion of cancellation {unknown}
 g - a potion of flight {unknown}
 h - 2 potions of haste {unknown}
 j - a potion of berserk rage {unknown}


   Skills:
 - Level 3.2 Fighting
 - Level 2.6 Dodging
 + Level 4.9 Unarmed Combat


You had 2 spell levels left.
You didn't know any spells.
Your spell library was empty.

Dungeon Overview and Level Annotations

Branches:
Dungeon (2/15)

Altars:

Shops:
D:1 *


Innate Abilities, Weirdness & Mutations

Your plain brown scales are hard. (AC +5)
You cannot fit into any form of body armour.
You are cold-blooded and may be slowed by cold attacks.


Message History

The gnoll is almost dead.
The gnoll barely misses you. The gnoll hits you with a +0 club!
You hit the gnoll but do no damage.
The gnoll is almost dead.
The gnoll barely misses you. The gnoll hits you with a +0 flail.
The gnoll hits you with a +0 club.
You hit the gnoll.
You kill the gnoll!
The gnoll hits you with a +0 flail. x2
You are too injured to fight recklessly!
You are too injured to fight recklessly!
You are too injured to fight recklessly!
You are too injured to fight recklessly!
You are too injured to fight recklessly!
You are too injured to fight recklessly!
You are too injured to fight recklessly!
You are too injured to fight recklessly!
You are too injured to fight recklessly!
You are too injured to fight recklessly!
You are too injured to fight recklessly!
You are too injured to fight recklessly!
You are too injured to fight recklessly!
You are too injured to fight recklessly!
You are too injured to fight recklessly!
You are too injured to fight recklessly!
There are monsters nearby!
There are monsters nearby!
Unknown command.
You hit the gnoll.
The gnoll is almost dead.
The gnoll hits you with a +0 flail!
* * * LOW HITPOINT WARNING * * *
The gnoll closely misses you.
Unknown command.
You hit the gnoll.
You kill the gnoll!
The gnoll closely misses you.
Unknown command.
You barely miss the gnoll. The gnoll hits you with a +0 flail.
You die...

######..†.(..#
##.......###..#
#####..####..# #..#
...#...## #..###.###
........###..##....####
.........##..##.##....##
...$=$$..##..##.#####.##
......g)†##..##.# #.##
......)@.?#..##.# #..#
...#...##....##.# ##..
#### ###...#.### ###
#.......### #.
#...#.#...###.
#.#...###.)...
#.##..#....#..
#.##....##...#
#.##..##.....#


You could see a gnoll.

Vanquished Creatures
  3 gnolls
  An adder (D:2)
  A worm (D:2)
  4 ball pythons
  2 bats
  3 endoplasms (D:1)
  3 goblins
  4 hobgoblins (D:1)
  A frilled lizard (D:1)
  2 kobolds (D:1)
  4 rats (D:2)
28 creatures vanquished.

Notes
Turn   | Place    | Note
-------+----------+-------------------------------------------
     0 | D:1      | pkoi the Draconian Monk began the quest for the Orb.
     0 | D:1      | Reached XP level 1. HP: 19/19 MP: 1/1
   251 | D:1      | Reached XP level 2. HP: 11/26 MP: 2/2
   397 | D:1      | Found Toodd's General Store.
   486 | D:1      | Reached skill level 4 in Unarmed Combat
   936 | D:2      | Reached XP level 3. HP: 26/31 MP: 3/3
  1143 | D:2      | Slain by a gnoll

Illustrated notes

Levels and vault maps discovered:
D:1:      evilmike_arrival_rings, layout_loops_ring, serial_shops, shop,
          serial_bayou_crossing
D:2:      layout_rooms

Skill      XL: |  1  2 |
---------------+-------+-----
Unarmed Combat | 4 |  4.9
Fighting       | |  3.2
Dodging        | |  2.6

Action                     || total
---------------------------++-------
  Melee: Unarmed           ||    79
         Tailslap          ||    12
 Armour: Skin              ||    15
  Dodge: Dodged            ||    38
